 Dungeon Crawl Stone Soup version 0.25-a0-517-gf8b3a32422 (webtiles) character file.

Game seed: 3992338250250345579, levelgen mode: classic

243028 EnegeticOcto the Severer (level 18, -4/181 HPs)
             Began as a Deep Dwarf Fighter on Feb 17, 2020.
             Was the Champion of Makhleb.
             Slain by a white ugly thing (6 damage)
             ... on level 1 of the Depths.
             The game lasted 00:19:07 (17528 turns).

EnegeticOcto the Severer (Deep Dwarf Fighter)      Turns: 17528, Time: 00:19:08

Health: -4/181     AC: 32    Str: 25    XL:     18   Next: 20%
Magic:  3/3        EV: 10    Int: 16    God:    Makhleb [******]
Gold:   3126       SH:  0    Dex: 11    Spells: 17/17 levels left

rFire    + . .     SeeInvis .   a - +9 battleaxe (elec)
rCold    + . .     Gourm    .   (shield currently unavailable)
rNeg     + . .     Faith    +   p - +5 gold dragon scales
rPois    +         Spirit   .   (helmet restricted)
rElec    .         Reflect  .   G - +1 cloak of the Secret Runes {Int+6}
rCorr    +         Harm     .   u - +0 pair of gloves of Aronoes {MR+ rCorr Dex-3 Stlth+}
MR       ++++.     Rnd*Rage +   x - +0 pair of boots Stlth ..........Rnd*Tele +
                                i - amulet of faith
HPRegen  0.00/turn              I - ring of Tugerin {rPois AC+2}
MPRegen  0.08/turn              N - +3 ring of slaying

@: flayed, non-regenerating, slowed, very slow
A: damage resistance, heal wounds, horns 1, camouflage 1, agile 1, berserk 1,
blurry vision 1, dopey 1, magic resistance 1, negative energy resistance 1,
sense surroundings 3, teleportitis 1, no regeneration
}: 3/15 runes: decaying, slimy, gossamer
a: Heal Wounds, Minor Destruction, Lesser Servant of Makhleb, Major Destruction,
Greater Servant of Makhleb, Renounce Religion


You were on level 1 of the Depths.
You worshipped Makhleb.
Makhleb was exalted by your worship.
You were hungry.

You visited 7 branches of the dungeon, and saw 35 of its levels.
You also visited: Trove and Bailey.

You collected 3126 gold pieces.

Inventory:

Hand Weapons
 a - a +9 battleaxe of electrocution (weapon)
 b - the +9 hand axe of the Blessed Realm {flame, +Fly Dex+4}
   (You found it on level 4 of the Dungeon)

   It has been specially enchanted to burn those struck by it, causing extra
   injury to most foes and up to half again as much damage against particularly
   susceptible opponents.
   Big, fiery blades are also staple armaments of hydra-hunters.
   It affects your dexterity (+4).
   It lets you fly.
Missiles
 q - 4 throwing nets (quivered)
Armour
 p - +5 gold dragon scales (worn)
 u - the +0 pair of gloves of Aronoes (worn) {MR+ rCorr Dex-3 Stlth+}
   (You acquired it on level 9 of the Dungeon)

   It affects your dexterity (-3).
   It affects your resistance to hostile enchantments.
   It provides partial protection from all sources of acid and corrosion.
   It makes you more stealthy.
   If you remove this armour, your AC will decrease by 2 (32 -> 30).
 x - a +0 pair of boots (worn)
 G - the +1 cloak of the Secret Runes (worn) {Int+6}
   (You found it in a bailey)

   It affects your intelligence (+6).
   If you remove this armour, your AC will decrease by 3 (32 -> 29).
Jewellery
 i - an amulet of faith (around neck)
 I - the ring of Tugerin (left hand) {rPois AC+2}
   (You found it in a treasure trove)

   [ring of protection]

   It affects your AC (+2).
   It protects you from poison.
 N - a +3 ring of slaying (right hand)
 S - an uncursed amulet of harm
Wands
 m - a wand of digging (7) {@V2}
 o - a wand of flame (84)
 D - a wand of paralysis (13)
 H - a wand of enslavement (2)
 O - a wand of disintegration (18)
Scrolls
 d - 10 scrolls of teleportation {@r2}
 j - 12 scrolls of remove curse {@r6}
 r - 4 scrolls of enchant weapon
 s - a scroll of fog
 A - a scroll of holy word
 C - 6 scrolls of blinking {@r3}
 E - 2 scrolls of immolation {@r4}
 K - 3 scrolls of fear
 U - 4 scrolls of magic mapping {@r5}
Potions
 f - 5 potions of brilliance
 g - 6 potions of curing {@q1}
 k - 3 potions of might {@q3}
 l - 4 potions of lignification {@q7}
 n - a potion of haste {@q4}
 t - 2 potions of cancellation
 v - 5 potions of ambrosia
 w - 2 potions of heal wounds {@q2}
 F - a potion of magic
 J - a potion of flight
 P - 5 potions of agility
Miscellaneous
 h - a phantom mirror
Comestibles
 e - 57 rations
 z - 4 chunks of flesh


   Skills:
 * Level 16.0 Fighting
 * Level 18.4 Axes
 + Level 14.0 Armour
 + Level 13.6 Dodging
   Level 9.6 Shields
 + Level 14.6 Invocations


You had 17 spell levels left.
You didn't know any spells.
Your spell library contained the following spells:

 Spells                   Type           Power        Failure   Level  Hunger
 Animate Skeleton         Necr           N/A          100%        1    ##.....
 Apportation              Tloc           #.....       100%        1    ##.....
 Corona                   Hex            #......      100%        1    ##.....
 Summon Small Mammal      Summ           #...         100%        1    ##.....
 Call Imp                 Summ           #.......     100%        2    ###....
 Call Canine Familiar     Summ           #.......     100%        3    ####...
 Summon Guardian Golem    Hex/Summ       #.......     100%        3    ####...
 Teleport Other           Tloc           #.......     100%        3    ####...
 Summon Ice Beast         Ice/Summ       #.......     100%        4    #####..
 Summon Lightning Spire   Summ/Air       #.......     100%        4    #####..
 Summon Demon             Summ           #.........   100%        5    ######.
 Summon Mana Viper        Hex/Summ       #.......     100%        5    ######.
 Shadow Creatures         Summ           N/A          100%        6    #######


Dungeon Overview and Level Annotations

Branches:
Dungeon (15/15)            Temple (1/1) D:6            Lair (5/6) D:8
  Swamp (4/4) Lair:3       Spider (4/4) Lair:3        Slime (5/5) Lair:5
    Orc (0/2) D:12         Vaults (0/5) D:14         Depths (1/5) D:15
 Bailey (visited)

Altars:
Ashenzari
Cheibriados
Dithmenos
Elyvilon
Fedhas
Gozag
Makhleb
Nemelex Xobeh
Okawaru
Qazlal
Ru
Sif Muna
Uskayaw
Vehumet
Wu Jian
Xom
Yredelemnul
Zin
The Shining One
Jiyva

Shops:
D:9 *   D:11 [

Annotations:
D:7 exclusion: door
D:9 3 runed translucent doors, Tenz's ghost, novice CeGl


Innate Abilities, Weirdness & Mutations

You are resistant to damage.
You can heal yourself by infusing magical energy.
You resist negative energy. (rN+)
You passively map a large area around you.
You do not regenerate.
You have a pair of small horns on your head.
Your skin changes colour to match your surroundings (Stealth+).
You are agile. (Dex +2)
You tend to lose your temper in combat.
Scrolls take you a little longer to read.
You are dopey. (Int -2)
You are resistant to hostile enchantments. (MR+)
You are occasionally teleported next to monsters.


Message History

You are too injured to fight recklessly!
You are too injured to fight recklessly!
You are too injured to fight recklessly!
You feel much better.
The jiangshi claws you but does no damage.
The jiangshi closely misses you.
The spriggan air mage simulacrum hits you but does no damage.
Something hits you but does no damage. Something bites you but does no damage.
The cyan ugly thing engulfs you but does no damage.
The jiangshi claws you! The jiangshi barely misses you.
The ettin barely misses you.
The ettin hits you with a +2 dire flail of protection.
The tengu reaver misses you.
The flayed ghost cries, "Suffer as I suffered!"
Terrible wounds open up all over your body!
* * * LOW HITPOINT WARNING * * *
Something hits you but does no damage. Something bites you.
Something draws strength from your injuries!
The cyan ugly thing engulfs you!
* * * LOW HITPOINT WARNING * * *
The cyan ugly thing shocks you!
* * * LOW HITPOINT WARNING * * *
The spriggan air mage simulacrum barely misses you.
You feel much better.
The jiangshi claws you but does no damage. x2
The jiangshi claws you!
* * * LOW HITPOINT WARNING * * *
The jiangshi draws strength from your injuries!
The jiangshi claws you but does no damage.
The white ugly thing bites you but does no damage.
The ettin hits you but does no damage.
The ettin hits you with a +2 dire flail of protection!!
* * * LOW HITPOINT WARNING * * *
The flayed ghost hits you but does no damage.
The cyan ugly thing engulfs you but does no damage.
Unholy energy fills the air.
* * * LOW HITPOINT WARNING * * *
The jiangshi claws you but does no damage.
The jiangshi claws you!
* * * LOW HITPOINT WARNING * * *
The jiangshi draws strength from your injuries!
The tengu reaver hits you but does no damage.
The spriggan air mage simulacrum hits you but does no damage.
The white ugly thing bites you but does no damage.
Really read with blurry vision while enemies are nearby? [Y]es or [N]o only, please.
Really read with blurry vision while enemies are nearby? [Y]es or [N]o only, please.
Really read with blurry vision while enemies are nearby? [Y]es or [N]o only, please.
Really read with blurry vision while enemies are nearby? [Y]es or [N]o only, please.
Really read with blurry vision while enemies are nearby?
Okay, then.
You feel much better. The jiangshi claws you.
* * * LOW HITPOINT WARNING * * *
The jiangshi draws strength from your injuries!
The jiangshi completely misses you.
The ettin hits you but does no damage. x2
The jiangshi claws you but does no damage. x2
The flayed ghost hits you but does no damage.
Unholy energy fills the air.
* * * LOW HITPOINT WARNING * * *
The cyan ugly thing engulfs you but does no damage.
The tengu reaver hits you but does no damage.
The white ugly thing bites you!
* * * LOW HITPOINT WARNING * * *
The white ugly thing freezes you! You resist.
* * * LOW HITPOINT WARNING * * *
The spriggan air mage simulacrum closely misses you.
The flayed ghost hits you. The ettin barely misses you.
The ettin hits you but does no damage.
Unholy energy fills the air.
* * * LOW HITPOINT WARNING * * *
The cyan ugly thing barely misses you.
You feel much better.
The white ugly thing bites you but does no damage.
The tengu reaver hits you but does no damage.
The spriggan air mage simulacrum hits you but does no damage.
The flayed ghost hits you!
* * * LOW HITPOINT WARNING * * *
Something hits you but does no damage. Something bites you but does no damage.
The ettin hits you with a +0 dire flail!
* * * LOW HITPOINT WARNING * * *
The ettin hits you but does no damage. The cyan ugly thing closely misses you.
The white ugly thing bites you but does no damage.
You feel much better.
The jiangshi claws you but does no damage. x2
The flayed ghost hits you!
* * * LOW HITPOINT WARNING * * *
The tengu reaver hits you from afar with a +0 glaive.
* * * LOW HITPOINT WARNING * * *
The cyan ugly thing engulfs you. The cyan ugly thing shocks you!
* * * LOW HITPOINT WARNING * * *
Something hits you but does no damage. Something bites you but does no damage.
The jiangshi claws you but does no damage. x2
The ettin hits you but does no damage.
The ettin hits you with a +2 dire flail of protection.
* * * LOW HITPOINT WARNING * * *
The spriggan air mage simulacrum hits you but does no damage.
The white ugly thing bites you!
You die...

, * , ,##...##...##
#.... '......†..$# ,
#.....#.....C†u..#
.....#..?..u....# ###*
#...##.####.#..# ,,
....###...##'# #u#### ,
,............#,,... ,
........Zuu#,,... , ,
.......W@.# ...*
**#####.####.VC{# ...##
* #+###..##.####.*Qn# **
* (.[.....))).....Z.# ,
, , *
........#.........'. , ,
, ........#[[...>...#...
, ,
#.##...###..####..####..
>* #.##...# #..# #..# ,.
,* ........#.... ,.....
,,


You could see a tengu reaver, 2 ugly things, an ettin, a jiangshi, a flayed
ghost, a necrophage, a battlesphere, a spriggan air mage simulacrum and a frost
giant skeleton.

Vanquished Creatures
  the Royal Jelly (Slime:5)
  Dissolution (Slime:1)
  Nikola (Swamp:4)
  Arachne (Spider:2)
  Jorgrun (D:12)
  20 acid blobs
  14 azure jellies (Slime:5)
  An orc warlord (Bailey)
  A ghost moth (Spider:4)
  Aizul (Swamp:4)
  5 emperor scorpions
  2 entropy weavers
  A stone giant (Depths:1)
  4 fire dragons
  6 death oozes
  Josephine (D:12)
  A vault guard (D:12)
  7 great orbs of eyes
  An ice dragon (Depths:1)
  Harold (D:11)
  5 centaur warriors
  A ghost crab (Swamp:3)
  A catoblepas (Lair:5)
  13 hydras
  2 ogre magi
  A death knight (D:15)
  11 two-headed ogres
  3 alligators
  A tengu warrior (D:10)
  8 death scarabs (Spider:4)
  Urug (D:14)
  A fire crab (Swamp:4)
  A titan skeleton (D:15)
  2 skeletal warriors (D:15)
  A swamp dragon (Swamp:4)
  An unseen horror (D:12)
  A flayed ghost (D:15)
  Pikel (D:6)
  A glowing orange brain (Depths:1)
  A harpy (shapeshifter) (D:15)
  A wolf spider zombie (Spider:4)
  5 orc knights
  A lindwurm (Lair:4)
  3 spectral wolf spiders (Spider:4)
  23 ugly things
  A necromancer (D:15)
  An orc sorcerer (D:15)
  19 wolf spiders
  11 orb spiders
  5 cyclopes
  A manticore (D:9)
  5 shining eyes
  A moth of wrath (Spider:4)
  3 black mambas
  2 guardian serpents (D:13)
  Joseph (D:8)
  4 centaur zombies
  A black mamba (shapeshifter) (D:15)
  3 eyes of devastation
  A gargoyle (D:14)
  9 spiny frogs
  A torpor snail (Spider:1)
  5 redback zombies (Spider:4)
  7 komodo dragons
  A rime drake (Lair:2)
  8 demonic crawlers
  5 yaktaurs (Depths:1)
  3 meliai (D:13)
  2 trolls (D:9)
  4 hornets
  A tyrant leech (Swamp:3)
  Grinder (D:4)
  26 jumping spiders
  2 spectral tarantellas (Spider:4)
  A spectral jumping spider (Spider:4)
  46 slime creatures
  4 hippogriffs
  A jumping spider zombie (Spider:4)
  9 blink frogs
  A bog body (Swamp:4)
  An ice dragon zombie (D:15)
  2 dream sheep (D:9)
  A spriggan zombie (D:15)
  Sigmund (D:5)
  41 redbacks
  3 shadows
  2 water elementals (D:15)
  4 wyverns
  6 wraiths
  2 vampires
  16 tarantellas
  32 yaks
  16 humans (D:14)
  2 basilisks
  A golden eye (shapeshifter) (D:14)
  2 golden eyes (Slime:5)
  3 vampire mosquitoes (Swamp:3)
  A fire elemental (Swamp:4)
  Menkaure (D:6)
  A steam dragon (D:7)
  A soldier ant (D:13)
  5 swamp worms
  5 insubstantial wisps (Swamp:1)
  An acid dragon (D:10)
  9 water moccasins
  A human zombie (D:15)
  6 porcupines
  19 orc warriors
  Duvessa (D:6)
  8 swamp drakes (Swamp:4)
  An ice beast (shapeshifter) (Depths:1)
  2 phantoms
  5 sky beasts
  2 black bears
  2 hornet zombies (Spider:4)
  An ice beast (D:6)
  16 ogres
  21 centaurs
  5 eyes of draining
  16 wolves
  5 crocodiles
  4 big kobolds
  Blork the orc (D:5)
  14 bullfrogs
  A gnoll sergeant (D:7)
  Dowan (D:6)
  2 wyvern skeletons (D:9)
  5 scorpions
  2 water moccasin skeletons (D:7)
  4 killer bees (D:13)
  4 wights (D:9)
  An electric eel (D:15)
  A vampire bat (D:5)
  4 crimson imps
  2 bullfrog zombies
  2 jellies
  2 quasits
  9 orc priests
  6 bullfrog skeletons
  2 centaur skeletons
  8 hounds
  3 orc wizards
  6 iguanas
  11 worker ants
  3 hound zombies
  A hound skeleton (D:7)
  A worker ant zombie (D:5)
  19 gnolls
  A howler monkey skeleton (D:5)
  14 adders
  5 shadow imps
  An ooze (D:4)
  An adder zombie (D:5)
  2 adder skeletons (D:9)
  3 worms
  3 dart slugs
  3 fire bats (D:5)
  6 leopard geckos
  59 orcs
  2 spectral bats (D:5)
  4 ball pythons
  16 bats
  A bat simulacrum (D:5)
  3 bat skeletons (D:5)
  A bat zombie (D:5)
  4 giant cockroaches
  26 goblins
  17 hobgoblins
  12 jackals
  2 quokkas
  3 frilled lizards
  9 kobolds
  2 quokka skeletons
  A quokka zombie (D:2)
  7 rats
  A fungus (Lair:2)
955 creatures vanquished.

Vanquished Creatures (collateral kills)
  2 acid blobs
  An azure jelly (Slime:5)
  An emperor scorpion (Spider:4)
  An entropy weaver (Spider:4)
  A spark wasp (Spider:4)
  A hydra (Swamp:4)
  A skeletal warrior (D:15)
  2 swamp dragons (Swamp:4)
  A spectral wolf spider (Spider:4)
  4 orb spiders
  An ugly thing (D:11)
  8 wolf spiders
  A redback zombie (Spider:4)
  3 demonic crawlers
  10 jumping spiders
  A spectral jumping spider (Spider:4)
  4 hornets
  A tarantella zombie (Spider:4)
  5 slime creatures
  3 tarantellas
  7 redbacks
  A spectral hornet (Spider:4)
  4 swamp drakes (Swamp:4)
  An eye of draining (Slime:4)
65 creatures vanquished.

Vanquished Creatures (others)
  2 hydras (Swamp:4)
  An alligator (Swamp:3)
  A swamp dragon (Swamp:4)
  A lindwurm (Swamp:4)
  A slime creature (Slime:2)
  A steam dragon (Swamp:4)
  3 swamp drakes
  3 fungi
  12 plants
  4 withered plants (D:15)
29 creatures vanquished.

Grand Total: 1049 creatures vanquished

Notes
Turn   | Place    | Note
-------+----------+-------------------------------------------
     0 | D:1      | EnegeticOcto the Deep Dwarf Fighter began the quest for the
                  | Orb.
     0 | D:1      | Reached XP level 1. HP: 20/20 MP: 1/1
   122 | D:1      | Reached XP level 2. HP: 24/27 MP: 2/2
   282 | D:2      | Reached XP level 3. HP: 25/34 MP: 3/3
   382 | D:2      | Reached skill level 3 in Axes
   382 | D:2      | Reached skill level 1 in Dodging
   382 | D:2      | Reached XP level 4. HP: 31/42 MP: 4/4
   940 | D:3      | Reached XP level 5. HP: 34/49 MP: 5/5
  1013 | D:3      | Noticed a +0 dagger
  1014 | D:3      | Noticed a +0 hand axe
  1015 | D:3      | Found a hide-covered altar of Uskayaw.
  1391 | D:4      | Noticed a centaur
  1392 | D:4      | Found a blossoming altar of Fedhas.
  1403 | D:4      | Reached skill level 4 in Axes
  1403 | D:4      | Reached XP level 6. HP: 57/57 MP: 5/5
  1517 | D:4      | Noticed a sky beast
  1540 | D:4      | Reached XP level 7. HP: 58/66 MP: 4/4
  1552 | D:4      | Got a scorched hand axe
  1553 | D:4      | Identified the +9 hand axe of the Blessed Realm {flame,
                  | +Fly Dex+4} (You found it on level 4 of the Dungeon)
  1573 | D:4      | Noticed Grinder
  1577 | D:4      | Paralysed by Grinder for 2 turns
  1591 | D:4      | Killed Grinder
  1591 | D:4      | Reached skill level 5 in Fighting
  1591 | D:4      | Reached skill level 5 in Axes
  1634 | D:4      | Found an ornate altar of the Wu Jian Council.
  1692 | D:4      | Found a basalt altar of Yredelemnul.
  1695 | D:4      | Reached skill level 5 in Shields
  1829 | D:4      | Found a shimmering blue altar of Sif Muna.
  1955 | D:5      | Entered Level 5 of the Dungeon
  1993 | D:5      | Reached skill level 5 in Armour
  2061 | D:5      | Noticed Sigmund
  2074 | D:5      | Killed Sigmund
  2074 | D:5      | Reached XP level 8. HP: 46/75 MP: 5/5
  2156 | D:5      | Reached skill level 6 in Axes
  2336 | D:5      | Noticed Blork the orc
  2344 | D:5      | Killed Blork the orc
  2614 | D:5      | Reached skill level 7 in Axes
  2815 | D:5      | Gained mutation: You passively map the area around you.
                  | [Deep Dwarf growth]
  2815 | D:5      | Reached XP level 9. HP: 60/85 MP: 6/6
  2905 | D:6      | Noticed Duvessa
  2907 | D:6      | Noticed Dowan
  2915 | D:6      | Killed Duvessa
  2929 | D:6      | Killed Dowan
  3031 | D:6      | Reached skill level 5 in Dodging
  3135 | D:6      | Noticed Menkaure
  3141 | D:6      | Killed Menkaure
  3256 | D:6      | Found a staircase to the Ecumenical Temple.
  3260 | D:6      | Reached skill level 8 in Axes
  3270 | Temple   | Entered the Ecumenical Temple
  3357 | Temple   | Became a worshipper of Makhleb the Destroyer
  3443 | D:6      | Noticed Pikel
  3448 | D:6      | Paralysed by Pikel for 5 turns
  3469 | D:6      | Killed Pikel
  3469 | D:6      | Reached skill level 1 in Invocations
  3719 | D:7      | Gained mutation: You have a pair of small horns on your
                  | head. [potion of mutation]
  3719 | D:7      | Gained mutation: You are dopey. (Int -2) [potion of
                  | mutation]
  3719 | D:7      | Gained mutation: You are resistant to hostile enchantments.
                  | (MR+) [potion of mutation]
  4010 | D:7      | Found a snail-covered altar of Cheibriados.
  4046 | D:7      | Reached XP level 10. HP: 91/94 MP: 8/8
  4265 | D:8      | Found a staircase to the Lair.
  4323 | D:8      | Noticed a two-headed ogre
  4331 | D:8      | Killed a two-headed ogre
  4331 | D:8      | Reached skill level 9 in Axes
  4435 | D:8      | Noticed Joseph
  4449 | D:8      | Killed Joseph
  4679 | D:8      | Reached * piety under Makhleb
  5265 | D:9      | Found a flagged portal.
  5283 | Bailey   | Entered a bailey
  5376 | Bailey   | Noticed an orc knight
  5398 | Bailey   | Killed an orc knight
  5450 | Bailey   | Reached ** piety under Makhleb
  5534 | Bailey   | Noticed an orc knight
  5534 | Bailey   | Noticed an orc warlord
  5535 | Bailey   | Noticed an orc knight
  5540 | Bailey   | Killed an orc warlord
  5540 | Bailey   | Reached skill level 10 in Axes
  5540 | Bailey   | Reached XP level 11. HP: 102/104 MP: 9/9
  5540 | Bailey   | Killed an orc knight
  5542 | Bailey   | Killed an orc knight
  5542 | Bailey   | Reached skill level 5 in Invocations
  5644 | Bailey   | Got a faintly humming cloak
  5666 | Bailey   | Identified the +1 cloak of the Secret Runes {Int+6} (You
                  | found it in a bailey)
  5680 | D:9      | Identified 2 scrolls of acquirement
  5680 | D:9      | Identified the amulet "Becoduc" {+Rage +Fly rN++} (You
                  | acquired it on level 9 of the Dungeon)
  5681 | D:9      | Identified the +0 pair of gloves of Aronoes {MR+ rCorr
                  | Dex-3 Stlth+} (You acquired it on level 9 of the Dungeon)
  5729 | D:9      | Found a runed translucent gate.
  5729 | D:9      | Found a runed translucent gate.
  5729 | D:9      | Found a runed translucent gate.
  5731 | D:9      | Found an opulent altar of Gozag.
  5742 | D:9      | Noticed a cyan ugly thing
  5743 | D:9      | Noticed a centaur warrior
  5745 | D:9      | Noticed a two-headed ogre
  5755 | D:9      | Killed a cyan ugly thing
  5771 | D:9      | Killed a centaur warrior
  5779 | D:9      | Reached *** piety under Makhleb
  5804 | D:9      | Killed a two-headed ogre
  5835 | D:9      | Reached skill level 11 in Axes
  5944 | D:9      | Noticed a storm dragon
  5945 | D:9      | Noticed a centaur warrior
  5945 | D:9      | Found Ydel's Assorted Antiques.
  5945 | D:9      | Noticed Tenz's ghost (novice CeGl)
  6024 | D:9      | Noticed a three-headed hydra
  6029 | D:9      | Killed a one-headed hydra
  6029 | D:9      | Reached XP level 12. HP: 116/116 MP: 10/10
  6049 | D:9      | Reached **** piety under Makhleb
  6228 | D:9      | Found a white marble altar of Elyvilon.
  6577 | D:10     | Entered Level 10 of the Dungeon
  6634 | D:10     | Noticed a tengu warrior
  6650 | D:10     | Killed a tengu warrior
  6650 | D:10     | Reached skill level 10 in Fighting
  6723 | D:10     | Noticed a two-headed ogre
  6731 | D:10     | Killed a two-headed ogre
  7480 | D:11     | Noticed Harold
  7509 | D:11     | Killed Harold
  7544 | D:11     | Reached ***** piety under Makhleb
  7781 | D:11     | Found Niodgh's Antique Armour Shoppe.
  7872 | D:11     | Noticed a four-headed hydra
  7879 | D:11     | Killed a one-headed hydra
  7879 | D:11     | Reached skill level 12 in Axes
  8123 | D:12     | Noticed Jorgrun
  8141 | D:12     | Killed Jorgrun
  8271 | D:12     | Noticed Josephine
  8285 | D:12     | Killed Josephine
  8297 | D:12     | Reached XP level 13. HP: 125/126 MP: 12/12
  8378 | D:12     | Found a blossoming altar of Fedhas.
  8470 | D:12     | Found a portal to a secret trove of treasure.
  8477 | Trove    | Entered a treasure trove
  8487 | Trove    | Got a glittering pewter ring
  8522 | D:12     | Identified the ring of Tugerin {rPois AC+2} (You found it
                  | in a treasure trove)
  8566 | D:12     | Found a staircase to the Orcish Mines.
  9579 | Lair:1   | Entered Level 1 of the Lair of Beasts
  9659 | Lair:1   | Reached skill level 13 in Axes
  9913 | Lair:2   | Reached skill level 10 in Armour
 11010 | Lair:3   | Found a hole to the Spider Nest.
 11334 | Lair:3   | Found a staircase to the Swamp.
 11715 | Lair:4   | Gained mutation: You resist negative energy. (rN+) [Deep
                  | Dwarf growth]
 11715 | Lair:4   | Reached XP level 14. HP: 138/138 MP: 11/11
 12047 | Lair:5   | Reached skill level 10 in Dodging
 12087 | Lair:5   | Found a staircase to the Slime Pits.
 12421 | Lair:5   | Reached skill level 10 in Invocations
 13192 | D:14     | Found a gate to the Vaults.
 13192 | D:14     | Noticed Urug
 13197 | D:14     | Reached skill level 14 in Axes
 13203 | D:14     | Killed Urug
 13366 | D:15     | Entered Level 15 of the Dungeon
 13701 | D:15     | Found a staircase to the Depths.
 13777 | D:15     | Reached XP level 15. HP: 85/147 MP: 10/10
 13805 | D:15     | Reached skill level 15 in Axes
 13863 | D:15     | Found a shadowy altar of Dithmenos.
 14398 | Swamp:1  | Entered Level 1 of the Swamp
 14511 | Swamp:4  | Entered Level 4 of the Swamp
 14542 | Swamp:4  | Noticed Aizul
 14556 | Swamp:4  | Killed Aizul
 14574 | Swamp:4  | Noticed Nikola
 14618 | Swamp:4  | Killed Nikola
 14644 | Swamp:4  | Got a decaying rune of Zot
 14758 | Spider:1 | Entered Level 1 of the Spider Nest
 14840 | Spider:1 | Reached ****** piety under Makhleb
 15002 | Spider:1 | Reached skill level 16 in Axes
 15167 | Spider:1 | Reached XP level 16. HP: 159/159 MP: 9/9
 15214 | Spider:2 | Noticed Arachne
 15234 | Spider:2 | Killed Arachne
 15454 | Spider:4 | Entered Level 4 of the Spider Nest
 15531 | Spider:4 | Noticed an Executioner
 15543 | Spider:4 | Gained mutation: Your skin changes colour to match your
                  | surroundings (Stealth+). [a cacodemon]
 15796 | Spider:4 | Reached skill level 17 in Axes
 15820 | Spider:4 | Got a gossamer rune of Zot
 16303 | Depths:1 | Entered Level 1 of the Depths
 16506 | Slime:1  | Entered Level 1 of the Pits of Slime
 16516 | Slime:1  | Gained mutation: You tend to lose your temper in combat. [a
                  | shining eye]
 16531 | Slime:2  | Noticed an acid blob
 16545 | Slime:2  | Killed an acid blob
 16545 | Slime:2  | Reached XP level 17. HP: 160/168 MP: 5/5
 16547 | Slime:2  | Noticed Dissolution
 16555 | Slime:2  | Reached skill level 15 in Fighting
 16622 | Slime:1  | Killed Dissolution
 16640 | Slime:3  | Noticed an acid blob
 16642 | Slime:3  | Noticed an acid blob
 16647 | Slime:3  | Killed an acid blob
 16650 | Slime:3  | Noticed an acid blob
 16653 | Slime:3  | Killed an acid blob
 16658 | Slime:3  | Killed an acid blob
 16700 | Slime:4  | Gained mutation: You are agile. (Dex +2) [a shining eye]
 16702 | Slime:4  | Gained mutation: You are occasionally teleported next to
                  | monsters. [a shining eye]
 16707 | Slime:5  | Entered Level 5 of the Pits of Slime
 16709 | Slime:5  | Noticed an acid blob
 16715 | Slime:5  | Noticed an acid blob
 16724 | Slime:5  | Killed an acid blob
 16726 | Slime:5  | Killed an acid blob
 16729 | Slime:5  | Noticed an acid blob
 16733 | Slime:5  | Noticed an acid blob
 16741 | Slime:5  | Killed an acid blob
 16743 | Slime:5  | HP: 7/170 [acid blob (10)]
 16751 | Slime:5  | Killed an acid blob
 16829 | Slime:5  | Found a viscous altar of Jiyva.
 16829 | Slime:5  | Noticed an acid blob
 16830 | Slime:5  | Noticed the Royal Jelly
 16844 | Slime:5  | Noticed an acid blob
 16845 | Slime:5  | Noticed an acid blob
 16846 | Slime:5  | Killed an acid blob
 16847 | Slime:5  | Noticed an acid blob
 16855 | Slime:5  | Killed an acid blob
 16856 | Slime:5  | Killed an acid blob
 16859 | Slime:5  | Killed an acid blob
 16863 | Slime:5  | Noticed an acid blob
 16865 | Slime:5  | Noticed an acid blob
 16867 | Slime:5  | Noticed an acid blob
 16868 | Slime:5  | Noticed an acid blob
 16869 | Slime:5  | Noticed an acid blob
 16869 | Slime:5  | Noticed an acid blob
 16875 | Slime:5  | Killed an acid blob
 16879 | Slime:5  | Killed an acid blob
 16885 | Slime:5  | Killed an acid blob
 16888 | Slime:5  | Killed an acid blob
 16890 | Slime:5  | Killed an acid blob
 16901 | Slime:5  | Killed an acid blob
 16909 | Slime:5  | Noticed an acid blob
 16914 | Slime:5  | Killed an acid blob
 16915 | Slime:5  | Noticed an acid blob
 16919 | Slime:5  | Noticed an acid blob
 16924 | Slime:5  | Killed an acid blob
 16928 | Slime:5  | Killed an acid blob
 16929 | Slime:5  | Killed the Royal Jelly
 16929 | Slime:5  | Reached skill level 18 in Axes
 16933 | Slime:5  | Noticed an acid blob
 16942 | Slime:5  | Killed an acid blob
 16952 | Slime:5  | Got an ancient bone amulet
 16996 | Slime:5  | Identified the Guide on the Compass and the Entourage
 17060 | Slime:5  | Got a slimy rune of Zot
 17132 | Slime:5  | Gained mutation: Scrolls take you a little longer to read.
                  | [a shining eye]
 17159 | Slime:5  | Gained mutation: You passively map a large area around you.
                  | [Deep Dwarf growth]
 17159 | Slime:5  | Reached XP level 18. HP: 181/181 MP: 0/2
 17415 | D:15     | Identified the amulet "Poxuyz" {Inacc *Corrode rC++ SInv}
                  | (You found it on level 5 of the Pits of Slime)
 17476 | Depths:1 | Identified the cursed +0 pair of boots of Zilyul {*Drain
                  | rPois rN+} (You found it on level 1 of the Depths)
 17527 | Depths:1 | HP: 8/181 [ettin/+0 dire flail (15)]
 17528 | Depths:1 | HP: 2/181 [ettin/+0 dire flail (3)]
 17528 | Depths:1 | Slain by a white ugly thing

Levels and vault maps discovered:
D:1:      minmay_arrival_plants_in_alcoves, layout_loops_ring
D:2:      layout_loops_corners
D:3:      layout_basic, dancing_weapons_uskayaw, lightli_sewer_entry_pipes
D:4:      layout_rooms, overflow_temple_1_default, marbit_many_paths, tgw_sif,
          fedhas_bush_and_centaur_altar, uniq_grinder
D:5:      layout_gridville, first_ration, goddamned_bats, uniq_sigmund,
          uniq_blork_the_orc
D:6:      layout_loops_ring, minmay_temple_entry_trees, uniq_duvessa,
          uniq_pikel, uniq_menkaure
D:7:      layout_gridville, cheibrodos_worm_habitat
D:8:      layout_basic, lair_entry_dummy, minivault_22,
          kennysheep_generic_room_13, uniq_joseph
D:9:      layout_long_grid, kennysheep_mini_moat, enter_bailey_2,
          ebering_ghost_gozag, hangedman_ranch [blue_anna_fruit_fields],
          minivault_28
D:10:     minmay_opposing_rooms, layout_basic
D:11:     layout_long_grid, serial_shops, shop, uniq_harold
D:12:     layout_cave_pools, erik_orc_4, basic_altar, enter_trove_5,
          uniq_josephine, uniq_jorgrun
D:13:     nrook_guardian_serpent_snake_passage, layout_irregular_city,
          nicolae_benzene_ring
D:14:     layout_basic, david_vaults_3
D:15:     gammafunk_depths_entry_grave, layout_basic, minmay_misc_feat_tower,
          grunt_dithmenos_shadows
Temple:   regret_index_temple_sphere_string
Lair:1:   layout_gridlike, gammafunk_ghost_grave, beast_lair_carwin_6
Lair:2:   layout_chaotic_city, serial_forest, infiniplex_forest_pool,
          infiniplex_forest_end_3, infiniplex_forest_corner_2,
          infiniplex_forest_lined_3, infiniplex_forest_straight_4,
          infiniplex_forest_clump_small, infiniplex_forest_zigzag_1,
          minivault_24, grunt_megastairs_4
Lair:3:   layout_chaotic_city, palyth_hydra_swamp_entry,
          nicolae_spider_entry_orb_guardian, grunt_megastairs_1
Lair:4:   layout_gridlike
Lair:5:   layout_small_grid, minmay_slime_entry_eyes, ldierk_geyser,
          grunt_megastairs_5, lemuel_fruit_fields, lemuel_fruit_tree,
          infiniplex_staircase_pool_2
Swamp:1:  gammafunk_its_a_trap, layout_basic_swamp, evilmike_swamp_ruin_rubble_2
Swamp:2:  layout_falls_marsh, evilmike_swamp_ruin_wall
Swamp:3:  layout_basic_swamp, evilmike_swamp_ruin_house_4
Swamp:4:  swamp_fiery, layout_basic_swamp, ebering_ghost_xom, swamp_pool2,
          uniq_aizul, uniq_roxanne, uniq_nikola, uniq_bai_suzhen
Spider:1: spider_temple_joshua, zaba_anthell
Spider:2: layout_spider_delve, uniq_arachne
Spider:3: layout_spider_delve, portal_ice_cave_entry_pillars_1
Spider:4: floodkiller_spider_rune_tomb, ebering_ghost_rock_garden,
          spiders_nest_spider_trap
Slime:1:  nicolae_slime_jelly_donut, layout_caves
Slime:2:  layout_caves, uniq_dissolution
Slime:3:  layout_caves
Slime:4:  layout_caves
Slime:5
Depths:1: layout_gridville, hell_entry, abyss_entry, serial_bayou_shore_a,
          minmay_hedge_maze, minmay_door_square, minivault_1, tso_metal_star,
          serial_bayou_shore_b

Skill      XL: |  1  2  3  4  5  6  7  8  9 10 11 12 13 14 15 16 17 18 |
---------------+-------------------------------------------------------+-----
Fighting       | 3 4 5 6 7 8 9 10 12 13 14 15 16 | 16.0
Axes           | 3 4 5 7 8 10 11 12 13 14 16 17 18 | 18.4
Dodging        | 1 2 3 4 5 6 7 8 9 10 11 12 13 | 13.6
Shields        | 4 5 6 7 8 9 |  9.6
Armour         | 4 5 6 7 8 9 10 11 12 13 14 | 14.0
Invocations    | 2 4 6 8 9 11 12 13 14 | 14.6

Action                   |  1- 3 |  4- 6 |  7- 9 | 10-12 | 13-15 | 16-18 || total
-------------------------+-------+-------+-------+-------+-------+-------++-------
Melee: War axe           |    90 |   267 |     4 |       |       |       ||   361
       Hand axe          |       |       |   284 |   563 |    25 |       ||   872
       Headbutt          |       |       |     6 |   123 |   182 |   108 ||   419
       Battleaxe         |       |       |       |       |   817 |   491 ||  1308
Throw: Throwing net      |       |       |       |       |       |     3 ||     3
Invok: Lesser Servant of |       |       |       |       |    13 |    23 ||    36
       Greater Servant o |       |       |       |       |     2 |     9 ||    11
 Abil: Heal Wounds       |       |     7 |     8 |    12 |    25 |    46 ||    98
Evoke: Wand              |       |       |       |       |    18 |       ||    18
  Use: Scroll            |       |       |    14 |    12 |    15 |    10 ||    51
       Potion            |       |       |     1 |       |     1 |    10 ||    12
 Stab: Distracted        |       |       |       |       |     5 |     6 ||    11
       Invisible         |       |       |       |       |       |     6 ||     6
       Held in net/web   |       |       |       |       |       |     3 ||     3
  Eat: Chunk             |       |     3 |     9 |    14 |    16 |     2 ||    44
       Ration            |       |       |       |       |     2 |     2 ||     4
Armor: Scale mail        |    47 |   158 |     9 |       |       |       ||   214
       Chain mail        |       |       |    13 |       |       |       ||    13
       Plate armour      |       |       |   110 |       |       |       ||   110
       Gold dragon scale |       |       |     7 |   227 |  1137 |   888 ||  2259
Dodge: Dodged            |    43 |   118 |    63 |    75 |   517 |   472 ||  1288
Block: Kite shield       |    48 |   200 |   122 |   255 |     7 |       ||   632

Table legend:
 A = Non-vault XP
 B = Vault XP
 C = Vault XP percentage of total XP
 D = Non-vault monster count
 E = Vault monster count
 F = Vault count percentage of total count
                 A         B        C        D         E       F
            +---------+---------+-------+---------+---------+-------
      Total |  172490 |  135081 |  43.9 |     666 |     331 |  33.2
            +---------+---------+-------+---------+---------+-------
        D:1 |      17 |       0 |   0.0 |      10 |       0 |   0.0
        D:2 |     108 |       0 |   0.0 |      17 |       0 |   0.0
        D:3 |     102 |      37 |  26.6 |      25 |       6 |  19.4
        D:4 |     546 |     532 |  49.4 |      19 |       3 |  13.6
        D:5 |    1108 |     489 |  30.6 |      31 |      22 |  41.5
        D:6 |     947 |    1061 |  52.8 |      15 |       4 |  21.1
        D:7 |    1119 |       0 |   0.0 |      28 |       0 |   0.0
        D:8 |    1749 |     584 |  25.0 |      12 |       2 |  14.3
        D:9 |    2031 |    7186 |  78.0 |      24 |      20 |  45.5
       D:10 |    1224 |    1357 |  52.6 |      13 |       8 |  38.1
       D:11 |    5222 |    1002 |  16.1 |      39 |       1 |   2.5
       D:12 |    2968 |    6310 |  68.0 |      15 |      22 |  59.5
       D:13 |    4099 |     969 |  19.1 |      25 |       2 |   7.4
       D:14 |     641 |    6000 |  90.3 |       4 |      20 |  83.3
       D:15 |   26098 |    4160 |  13.7 |      66 |       9 |  12.0
     Lair:1 |    2781 |    1841 |  39.8 |      15 |       8 |  34.8
     Lair:2 |    4979 |       0 |   0.0 |      21 |       0 |   0.0
     Lair:3 |    1890 |    3193 |  62.8 |      12 |       9 |  42.9
     Lair:4 |    4130 |       0 |   0.0 |      12 |       0 |   0.0
     Lair:5 |    5489 |    1108 |  16.8 |      25 |       4 |  13.8
    Swamp:1 |    2538 |       0 |   0.0 |       8 |       0 |   0.0
    Swamp:2 |    3477 |       0 |   0.0 |       9 |       0 |   0.0
    Swamp:3 |    2637 |       0 |   0.0 |       8 |       0 |   0.0
    Swamp:4 |    1683 |   14450 |  89.6 |       7 |      26 |  78.8
   Spider:1 |   19298 |    1810 |   8.6 |      62 |       7 |  10.1
   Spider:2 |    9242 |    3153 |  25.4 |      27 |       1 |   3.6
   Spider:3 |    2537 |       0 |   0.0 |       4 |       0 |   0.0
   Spider:4 |   11506 |   31623 |  73.3 |      32 |      71 |  68.9
    Slime:1 |    2127 |    9705 |  82.0 |       6 |       1 |  14.3
    Slime:2 |    6726 |       0 |   0.0 |      14 |       0 |   0.0
    Slime:3 |    9143 |       0 |   0.0 |      12 |       0 |   0.0
    Slime:4 |     453 |       0 |   0.0 |       2 |       0 |   0.0
    Slime:5 |   18018 |   33433 |  65.0 |      24 |      16 |  40.0
   Depths:1 |   15857 |       0 |   0.0 |      23 |       0 |   0.0
     Bailey |       0 |    5078 | 100.0 |       0 |      69 | 100.0
            +---------+---------+-------+---------+---------+-------
